| TOP OF THE 1ST |
|
Boise Hawks batting - Pitching for Brooklyn Cyclones : RHP Tony Ramos
|
|
Pitching: RHP Tony Ramos
|
|
|
Batting: LHB Eddie Gonzalez
|
0-0: Called Strike 0-1: Ball 1-1: SINGLE (Line Drive, 4M, EV 96.2 MPH)
|
|
Batting: RHB Ryan Rinaldi
|
0-0: Ball Eddie Gonzalez steals 2nd base 1-0: Called Strike 1-1: Ball 2-1: Ball 3-1: Base on Balls
|
|
Batting: LHB Greg Valenzuela
|
0-0: Called Strike 0-1: DOUBLE (Groundball, 3L, EV 106.9 MPH) Eddie Gonzalez scores Ryan Rinaldi to third
|
|
Batting: RHB Eric Delgado
|
0-0: Ball 1-0: Ball 2-0: Ball 3-0: Called Strike 3-1: Base on Balls
|
|
Batting: RHB Tyler Stebbins
|
0-0: Swinging Strike 0-1: Ball 1-1: Foul Ball, location: 2F 1-2: Foul Ball, location: 2F 1-2: Foul Ball, location: 2F 1-2: Fly out, F9 (Flyball, 89D, EV 86.2 MPH) Runner from 3rd tags up, SCORES, throw by RF Greg Valenzuela to third
|
|
Batting: LHB Joe Miller
|
0-0: Called Strike 0-1: Foul Ball, location: 2F 0-2: SINGLE (Groundball, 34D, EV 95.0 MPH) Greg Valenzuela scores Eric Delgado to second Runner from 2nd tries for 3rd, SAFE, throw by RF made to third Joe Miller to second
|
|
Batting: LHB Zane Kelton
|
0-0: Ball 1-0: Ball 2-0: Called Strike 2-1: Foul Ball, location: 2F 2-2: Fly out, F8 (Flyball, 8LD, EV 86.2 MPH) Runner from 3rd tags up, SCORES, throw by CF
|
|
Batting: SHB Jamie Locke
|
0-0: Called Strike 0-1: Foul Ball, location: 2F Balk! Joe Miller to third 0-2: Ball 1-2: Ground out 3-1 (Groundball, 34S, EV 84.4 MPH)
|
| Top of the 1st over - 4 runs, 3 hits, 0 errors, 1 left on base; Boise 4 - Brooklyn 0 |
| BOTTOM OF THE 1ST |
|
Brooklyn Cyclones batting - Pitching for Boise Hawks : RHP Dave Spriggs
|
|
Pitching: RHP Dave Spriggs
|
|
|
Batting: RHB Tony Oria
|
0-0: Foul Ball, location: 2F 0-1: Fly out, F8 (Flyball, 8LM, EV 84.4 MPH)
|
|
Batting: RHB Mario Trujillo
|
0-0: Ball 1-0: Ground out 6-3 (Groundball, 6, EV 86.9 MPH)
|
|
Batting: LHB Victor Ferrermena
|
0-0: Ball 1-0: Swinging Strike 1-1: Foul Ball, location: 2F 1-2: Strikes out swinging
|
| Bottom of the 1st over - 0 runs, 0 hits, 0 errors, 0 left on base; Boise 4 - Brooklyn 0 |
| TOP OF THE 2ND |
|
Boise Hawks batting - Pitching for Brooklyn Cyclones : RHP Tony Ramos
|
|
Batting: RHB Matt Cone
|
0-0: Swinging Strike 0-1: Ball 1-1: Ground out 4-3 (Groundball, 4MD, EV 106.2 MPH)
|
|
Batting: LHB Eddie Gonzalez
|
0-0: Called Strike 0-1: Ball 1-1: Ball 2-1: Ground out 1-3 (Groundball, 15S, EV 76.2 MPH)
|
|
Batting: RHB Ryan Rinaldi
|
0-0: Ball 1-0: Foul Ball, location: 2F 1-1: Swinging Strike 1-2: Foul Ball, location: 2F 1-2: Strikes out swinging
|
| Top of the 2nd over - 0 runs, 0 hits, 0 errors, 0 left on base; Boise 4 - Brooklyn 0 |
| BOTTOM OF THE 2ND |
|
Brooklyn Cyclones batting - Pitching for Boise Hawks : RHP Dave Spriggs
|
|
Batting: LHB Kodai Furuki
|
0-0: Ball 1-0: Called Strike 1-1: Ball 2-1: Ground out 3-1 (Groundball, 34, EV 78.8 MPH)
|
|
Batting: LHB Adam Barry
|
0-0: Swinging Strike 0-1: Foul Ball, location: 2F 0-2: Ball 1-2: TRIPLE (Flyball, 89XD, EV 99.4 MPH)
|
|
Batting: LHB Bill Fortin
|
0-0: Ball 1-0: Swinging Strike 1-1: Ball 2-1: Called Strike 2-2: Ball 3-2: Strikes out swinging
|
|
Batting: RHB Allen Wozniak
|
0-0: SINGLE (Line Drive, 89S, EV 87.5 MPH) Adam Barry scores
|
|
Batting: RHB Hyeok Kim
|
0-0: Called Strike Allen Wozniak steals 2nd base 0-1: Swinging Strike 0-2: Ground out 6-3 (Groundball, 6MD, EV 91.2 MPH)
|
| Bottom of the 2nd over - 1 run, 2 hits, 0 errors, 1 left on base; Boise 4 - Brooklyn 1 |
| TOP OF THE 3RD |
|
Boise Hawks batting - Pitching for Brooklyn Cyclones : RHP Tony Ramos
|
|
Batting: LHB Greg Valenzuela
|
0-0: Foul Ball, location: 2F 0-1: Fly out, F8 (Flyball, 89M, EV 91.2 MPH)
|
|
Batting: RHB Eric Delgado
|
0-0: Called Strike 0-1: Ball 1-1: Ball 2-1: Ball 3-1: Foul Ball, location: 2F 3-2: Base on Balls
|
|
Batting: RHB Tyler Stebbins
|
0-0: Called Strike 0-1: Ball 1-1: Called Strike 1-2: SINGLE (Groundball, 34D, EV 97.5 MPH) Eric Delgado to second Runner from 2nd tries for 3rd, SAFE, throw by RF made to third
|
|
Batting: LHB Joe Miller
|
0-0: Called Strike 0-1: Foul Ball, location: 2F 0-2: Ball 1-2: Foul Ball, location: 2F 1-2: Ball 2-2: Foul Ball, location: 2F 2-2: Ball 3-2: SINGLE (Groundball, 56D, EV 98.8 MPH) Eric Delgado scores Tyler Stebbins to second
|
|
Batting: LHB Zane Kelton
|
0-0: SINGLE (Groundball, 25, EV 69.4 MPH) (infield hit) Tyler Stebbins to third Joe Miller to second
|
|
Batting: SHB Jamie Locke
|
0-0: Ball 1-0: Foul Ball, location: 2F 1-1: Ball 2-1: Ball 3-1: SINGLE (Groundball, P, EV 88.1 MPH) (infield hit) Tyler Stebbins scores Joe Miller to third Zane Kelton to second
|
|
Pitching: LHP Mike Capers
|
|
|
Batting: RHB Matt Cone
|
0-0: Ball 1-0: Foul Ball, location: 2F 1-1: Ball 2-1: Grounds into double play, 6-4-3 (Groundball, 6, EV 83.8 MPH)
|
| Top of the 3rd over - 2 runs, 4 hits, 0 errors, 2 left on base; Boise 6 - Brooklyn 1 |
| BOTTOM OF THE 3RD |
|
Brooklyn Cyclones batting - Pitching for Boise Hawks : RHP Dave Spriggs
|
|
Batting: RHB Jung-keun Bai
|
0-0: Ball 1-0: Swinging Strike 1-1: Foul Ball, location: 2F 1-2: Ground out 1-3 (Groundball, 34S, EV 63.8 MPH)
|
|
Batting: RHB Tony Oria
|
0-0: Ball 1-0: Ground out 4-3 (Groundball, 4, EV 88.1 MPH)
|
|
Batting: RHB Mario Trujillo
|
0-0: Foul Ball, location: 2F 0-1: Ball 1-1: Fly out, F3 (Popup, 3SF, EV 82.5 MPH)
|
| Bottom of the 3rd over - 0 runs, 0 hits, 0 errors, 0 left on base; Boise 6 - Brooklyn 1 |
| TOP OF THE 4TH |
|
Boise Hawks batting - Pitching for Brooklyn Cyclones : LHP Mike Capers
|
|
Batting: LHB Eddie Gonzalez
|
0-0: Ball 1-0: Fly out, F8 (Flyball, 8RD, EV 100.0 MPH)
|
|
Batting: RHB Ryan Rinaldi
|
0-0: DOUBLE (Line Drive, 89XD, EV 103.1 MPH)
|
|
Batting: LHB Greg Valenzuela
|
0-0: Called Strike 0-1: Ground out U3 (Groundball, 23, EV 87.5 MPH) Ryan Rinaldi to third
|
|
Batting: RHB Eric Delgado
|
0-0: Called Strike 0-1: Ball 1-1: Ball 2-1: Ball 3-1: Base on Balls
|
|
Batting: RHB Tyler Stebbins
|
0-0: Ball 1-0: Swinging Strike 1-1: Ball Eric Delgado steals 2nd base 2-1: Ball 3-1: Swinging Strike 3-2: Strikes out swinging passed ball, reaches first! Ryan Rinaldi scores Eric Delgado to third
|
|
Batting: LHB Joe Miller
|
0-0: Called Strike 0-1: Ball 1-1: Ball 2-1: Swinging Strike 2-2: Ball 3-2: Foul Ball, location: 2F 3-2: Strikes out looking
|
| Top of the 4th over - 1 run, 1 hit, 0 errors, 2 left on base; Boise 7 - Brooklyn 1 |
| BOTTOM OF THE 4TH |
|
Brooklyn Cyclones batting - Pitching for Boise Hawks : RHP Dave Spriggs
|
|
Batting: LHB Victor Ferrermena
|
0-0: Ball 1-0: Ball 2-0: Ball 3-0: Base on Balls
|
|
Batting: LHB Kodai Furuki
|
0-0: Ball 1-0: Ball 2-0: Ball 3-0: Base on Balls Victor Ferrermena to second
|
|
Batting: LHB Adam Barry
|
0-0: Called Strike 0-1: Ball 1-1: Fielders Choice at 2nd, 5-4 (Groundball, 5, EV 84.4 MPH) Victor Ferrermena to third
|
|
Batting: LHB Bill Fortin
|
0-0: Ball 1-0: Grounds into double play, 6-4-3 (Groundball, 56, EV 86.2 MPH)
|
| Bottom of the 4th over - 0 runs, 0 hits, 0 errors, 1 left on base; Boise 7 - Brooklyn 1 |
| TOP OF THE 5TH |
|
Boise Hawks batting - Pitching for Brooklyn Cyclones : LHP Mike Capers
|
|
Batting: LHB Zane Kelton
|
0-0: Ball 1-0: Ground out 4-3 (Groundball, 4, EV 78.8 MPH)
|
|
Batting: SHB Jamie Locke
|
0-0: Ball 1-0: Called Strike 1-1: Swinging Strike 1-2: Ball 2-2: Ball 3-2: Strikes out swinging
|
|
Batting: RHB Matt Cone
|
0-0: Ball 1-0: Ground out 4-3 (Groundball, 4D, EV 100.6 MPH)
|
| Top of the 5th over - 0 runs, 0 hits, 0 errors, 0 left on base; Boise 7 - Brooklyn 1 |
| BOTTOM OF THE 5TH |
|
Brooklyn Cyclones batting - Pitching for Boise Hawks : RHP Dave Spriggs
|
|
Batting: RHB Allen Wozniak
|
0-0: Foul Ball, location: 2F 0-1: Called Strike 0-2: Ground out 5-3 (Groundball, 56S, EV 86.9 MPH)
|
|
Batting: RHB Hyeok Kim
|
0-0: Called Strike 0-1: Ball 1-1: Foul Ball, location: 2F 1-2: Foul Ball, location: 2F 1-2: Ball 2-2: Ground out 6-3 (Groundball, 6M, EV 83.1 MPH)
|
|
Batting: RHB Jung-keun Bai
|
0-0: Ball 1-0: Called Strike 1-1: SINGLE (Groundball, 34D, EV 108.1 MPH)
|
|
Batting: RHB Tony Oria
|
0-0: Foul Ball, location: 2F 0-1: Ground out 5-3 (Groundball, 56, EV 100.6 MPH)
|
| Bottom of the 5th over - 0 runs, 1 hit, 0 errors, 1 left on base; Boise 7 - Brooklyn 1 |
| TOP OF THE 6TH |
|
Boise Hawks batting - Pitching for Brooklyn Cyclones : LHP Mike Capers
|
|
Batting: LHB Eddie Gonzalez
|
0-0: Called Strike 0-1: Ball 1-1: SINGLE (Groundball, 6, EV 98.8 MPH)
|
|
Batting: RHB Ryan Rinaldi
|
0-0: Called Strike 0-1: Swinging Strike 0-2: Ball 1-2: Strikes out swinging
|
|
Batting: LHB Greg Valenzuela
|
0-0: Called Strike Eddie Gonzalez steals 2nd base (no throw) 0-1: Ball Eddie Gonzalez steals 3rd base 1-1: Ball 2-1: Swinging Strike 2-2: Strikes out swinging
|
|
Batting: RHB Eric Delgado
|
0-0: Called Strike 0-1: Ball 1-1: Ball 2-1: Ball 3-1: Base on Balls
|
|
Pitching: RHP Alastair Henry
|
|
|
Batting: RHB Tyler Stebbins
|
0-0: Called Strike Eric Delgado steals 2nd base 0-1: Swinging Strike 0-2: Strikes out swinging
|
| Top of the 6th over - 0 runs, 1 hit, 0 errors, 2 left on base; Boise 7 - Brooklyn 1 |
| BOTTOM OF THE 6TH |
|
Brooklyn Cyclones batting - Pitching for Boise Hawks : RHP Dave Spriggs
|
|
Batting: RHB Mario Trujillo
|
0-0: Called Strike 0-1: Called Strike 0-2: Ball 1-2: Foul Ball, location: 2F 1-2: Ground out 5-3 (Groundball, 56, EV 83.8 MPH)
|
|
Batting: LHB Victor Ferrermena
|
0-0: Called Strike 0-1: Ground out 6-3 (Groundball, P, EV 88.8 MPH)
|
|
Batting: LHB Kodai Furuki
|
0-0: Ball 1-0: Called Strike 1-1: Fly out, F8 (Line Drive, 8LM, EV 98.8 MPH)
|
| Bottom of the 6th over - 0 runs, 0 hits, 0 errors, 0 left on base; Boise 7 - Brooklyn 1 |
| TOP OF THE 7TH |
|
Boise Hawks batting - Pitching for Brooklyn Cyclones : RHP Alastair Henry
|
|
Batting: LHB Joe Miller
|
0-0: Ground out 6-3 (Groundball, 6MS, EV 91.2 MPH)
|
|
Batting: LHB Zane Kelton
|
0-0: Called Strike 0-1: Foul Ball, location: 2F 0-2: Ball 1-2: Ball 2-2: Foul Ball, location: 2F 2-2: Foul Ball, location: 2F 2-2: Strikes out swinging
|
|
Batting: SHB Jamie Locke
|
0-0: Ball 1-0: Ball 2-0: Ground out 4-3 (Groundball, 4S, EV 82.5 MPH)
|
| Top of the 7th over - 0 runs, 0 hits, 0 errors, 0 left on base; Boise 7 - Brooklyn 1 |
| BOTTOM OF THE 7TH |
|
Brooklyn Cyclones batting - Pitching for Boise Hawks : RHP Dave Spriggs
|
|
Batting: LHB Adam Barry
|
0-0: Called Strike 0-1: Ball 1-1: Foul Ball, location: 2F 1-2: Ball 2-2: Foul Ball, location: 2F 2-2: Foul Ball, location: 2F 2-2: SINGLE (Groundball, 4D, EV 100.0 MPH)
|
|
Pitching: LHP Glenn Lowther
|
|
|
Batting: LHB Bill Fortin
|
0-0: Ball 1-0: Ball 2-0: Fielders Choice at 2nd, 4-6 (Groundball, 13, EV 83.8 MPH)
|
|
Batting: RHB Allen Wozniak
|
0-0: Ball 1-0: Foul Ball, location: 2F 1-1: Ball 2-1: Foul Ball, location: 2F 2-2: Foul Ball, location: 2F 2-2: Grounds into double play, 6-4-3 (Groundball, 6, EV 82.5 MPH)
|
| Bottom of the 7th over - 0 runs, 1 hit, 0 errors, 0 left on base; Boise 7 - Brooklyn 1 |
| TOP OF THE 8TH |
|
Boise Hawks batting - Pitching for Brooklyn Cyclones : RHP Alastair Henry
|
|
Batting: RHB Matt Cone
|
0-0: Ball 1-0: Swinging Strike 1-1: Swinging Strike 1-2: Strikes out swinging
|
|
Pitching: RHP Leo Burgos
|
|
|
Batting: LHB Eddie Gonzalez
|
0-0: Ball 1-0: Swinging Strike 1-1: Ground out 2-3 (Groundball, 15S, EV 73.8 MPH)
|
|
Batting: RHB Ryan Rinaldi
|
0-0: Ball 1-0: Ball 2-0: Called Strike 2-1: Ball 3-1: Swinging Strike 3-2: Base on Balls
|
|
Batting: LHB Greg Valenzuela
|
0-0: Called Strike 0-1: Fly out, F6 (Popup, 4MD, EV 61.9 MPH)
|
| Top of the 8th over - 0 runs, 0 hits, 0 errors, 1 left on base; Boise 7 - Brooklyn 1 |
| BOTTOM OF THE 8TH |
|
Brooklyn Cyclones batting - Pitching for Boise Hawks : LHP Glenn Lowther
|
|
Batting: RHB Hyeok Kim
|
0-0: Ball 1-0: Ground out U3 (Groundball, 34S, EV 85.0 MPH)
|
|
Batting: RHB Jung-keun Bai
|
0-0: Ball 1-0: Foul Ball, location: 2F 1-1: Swinging Strike 1-2: Strikes out looking
|
|
Batting: RHB Tony Oria
|
0-0: Ball 1-0: Ground out 5-3 (Groundball, 5, EV 88.1 MPH)
|
| Bottom of the 8th over - 0 runs, 0 hits, 0 errors, 0 left on base; Boise 7 - Brooklyn 1 |
| TOP OF THE 9TH |
|
Boise Hawks batting - Pitching for Brooklyn Cyclones : RHP Leo Burgos
|
|
Batting: RHB Eric Delgado
|
0-0: Ball 1-0: Ball 2-0: Fly out, F8 (Flyball, 8LS, EV 88.8 MPH)
|
|
Batting: RHB Tyler Stebbins
|
0-0: Foul Ball, location: 2F 0-1: Ball 1-1: Ball 2-1: Ball 3-1: Called Strike 3-2: Strikes out swinging
|
|
Pitching: LHP Jose Diaz
|
|
|
Batting: LHB Joe Miller
|
0-0: Ball 1-0: Fly out, F8 (Flyball, 8RD, EV 94.4 MPH)
|
| Top of the 9th over - 0 runs, 0 hits, 0 errors, 0 left on base; Boise 7 - Brooklyn 1 |
| BOTTOM OF THE 9TH |
|
Brooklyn Cyclones batting - Pitching for Boise Hawks : LHP Glenn Lowther
|
|
Batting: RHB Mario Trujillo
|
0-0: Called Strike 0-1: Ball 1-1: Ball 2-1: Ball 3-1: Base on Balls
|
|
Batting: LHB Victor Ferrermena
|
0-0: Ball 1-0: Foul Ball, location: 2F 1-1: Ball 2-1: Fly out, F5 (Line Drive, 5, EV 73.1 MPH)
|
|
Batting: LHB Kodai Furuki
|
0-0: Fielders Choice at 2nd, 4-6 (Groundball, 4S, EV 84.4 MPH)
|
|
Batting: LHB Adam Barry
|
0-0: Called Strike 0-1: Ball 1-1: Fielders Choice at 2nd, 6-4 (Groundball, 6, EV 99.4 MPH)
|
| Bottom of the 9th over - 0 runs, 0 hits, 0 errors, 1 left on base; Boise 7 - Brooklyn 1 |
|